 Dungeon Crawl Stone Soup version 0.26-a0-412-ga3d1f51b80 (webtiles) character file.

Game seed: 9011166346733824344

165 Gargoyl the Skirmisher (level 5, -3/70 HPs)
             Began as a Gnoll Abyssal Knight on July 24, 2020.
             Was a Believer of Lugonu.
             Slain by a bullfrog (4 damage)
             ... on level 4 of the Dungeon.
             The game lasted 00:03:08 (2511 turns).

Gargoyl the Skirmisher (Gnoll Abyssal Knight)       Turns: 2511, Time: 00:03:08

Health: -3/70      AC: 18    Str: 15    XL:     5   Next: 46%
Magic:  17/17      EV:  2    Int: 14    God:    Lugonu [**....]
Gold:   96         SH:  0    Dex: 15    Spells: 7/7 levels left

rFire    . . .     SeeInvis .   a - +1 hand axe
rCold    . . .     Faith    .   (no shield)
rNeg     + + +     Spirit   .   (armour currently unavailable)
rPois    +         Reflect  .   (helmet currently unavailable)
rElec    .         Harm     .   (cloak currently unavailable)
rCorr    .         NoTele   +   (gloves currently unavailable)
MR       .....                  (boots currently unavailable)
Stlth    ++........             (no amulet)
HPRegen  0.21/turn              j - ring of magical power
MPRegen  0.15/turn              m - -4 ring of protection (curse)

@: tree-form
A: distributed training, strong nose
a: Depart the Abyss, Bend Space, Renounce Religion


You were on level 4 of the Dungeon.
You worshipped Lugonu.
Lugonu was pleased with you.
You were a tree.
You visited 1 branch of the dungeon, and saw 4 of its levels.
You visited the Abyss 1 time.

You collected 96 gold pieces.

Inventory:

Hand Weapons
 a - a +1 hand axe (weapon)
Armour
 c - a +2 pair of boots (melded)
 o - a +0 ring mail (melded)
Jewellery
 j - a ring of magical power (left branch)
 m - a cursed -4 ring of protection (right branch)
Wands
 b - a wand of acid (3)
Scrolls
 d - 7 scrolls of teleportation {unknown}
 e - 3 scrolls of enchant weapon {unknown}
 f - 2 scrolls of immolation {unknown}
 l - a scroll of remove curse {unknown}
 n - 5 scrolls of identify {unknown}
 q - a scroll of blinking {unknown}
 s - a scroll of noise {unknown}
 u - 3 scrolls of magic mapping {unknown}
Potions
 g - 2 potions of curing {unknown}
 h - a potion of brilliance {unknown}
 i - a potion of lignification
 k - a potion of haste {unknown}
 p - a potion of degeneration {unknown}
 r - a potion of ambrosia {unknown}
 t - a potion of might {unknown}


   Skills:
 + Level 6.7 Fighting
 + Level 1.5 Short Blades
 + Level 1.5 Long Blades
 + Level 4.8 Axes
 + Level 1.5 Maces & Flails
 + Level 1.5 Polearms
 + Level 1.5 Staves
 + Level 1.5 Slings
 + Level 1.5 Bows
 + Level 1.5 Crossbows
 + Level 1.5 Throwing
 + Level 4.8 Armour
 + Level 3.0 Dodging
 + Level 1.5 Stealth
 + Level 1.5 Shields
 + Level 1.5 Unarmed Combat
 + Level 1.5 Spellcasting
 + Level 1.2 Conjurations
 + Level 1.2 Hexes
 + Level 1.2 Summonings
 + Level 1.2 Necromancy
 + Level 1.2 Translocations
 + Level 1.2 Transmutations
 + Level 1.2 Fire Magic
 + Level 1.2 Ice Magic
 + Level 1.2 Air Magic
 + Level 1.2 Earth Magic
 + Level 1.2 Poison Magic
 + Level 4.9 Invocations
 + Level 1.5 Evocations


You had 7 spell levels left.
You didn't know any spells.
Your spell library was empty.

Dungeon Overview and Level Annotations

Branches:
Dungeon (4/15)
 Temple: D:4-7

Altars:
Elyvilon
Nemelex Xobeh
Wu Jian


Innate Abilities, Weirdness & Mutations

Your experience applies equally to all skills.
((You have very sharp teeth.))
Your uncanny sense of smell can sniff out nearby items.


Message History

The bullfrog hits you.
* * * LOW HITPOINT WARNING * * *
The bullfrog closely misses you.
You closely miss the bullfrog. The bullfrog barely misses you.
You hit the bullfrog.
The bullfrog is lightly wounded.
The bullfrog swells and bulges.
The bullfrog hits you.
* * * LOW HITPOINT WARNING * * *
The bullfrog closely misses you. The bullfrog closely misses you.
Okay, then.
Unknown command.
It was a potion of lignification.
You turn into a tree.
Your +2 pair of boots melds into your body.
Your +0 ring mail melds into your body.
Your roots penetrate the ground.
The bullfrog hits you.
* * * LOW HITPOINT WARNING * * *
The bullfrog hits you.
You die...

.
###############...
...................
....#....♣F........
.......<.###.......
#..........#.......
##......##........#
#....### ##.#.#..#
###.. #### .# ##. #
#


You could see a bullfrog.

Vanquished Creatures
  An orc wizard (D:3)
  3 gnolls (D:3)
  4 adders
  A dart slug (D:1)
  4 leopard geckos
  10 orcs (D:3)
  A giant cockroach (D:3)
  4 goblins
  4 hobgoblins
  3 ball pythons
  5 bats
  3 frilled lizards
  11 kobolds
  7 rats
61 creatures vanquished.

Notes
Turn   | Place    | Note
-------+----------+-------------------------------------------
     0 | Abyss:1  | Gargoyl the Gnoll Abyssal Knight began the quest for the
                  | Orb.
     0 | Abyss:1  | Reached XP level 1. HP: 23/23 MP: 3/3
    63 | Abyss:3  | Found a corrupted altar of Lugonu.
    69 | Abyss:4  | Found a corrupted altar of Lugonu.
    69 | Abyss:4  | Noticed a water elemental
    69 | Abyss:4  | Noticed a water elemental
    69 | Abyss:4  | Noticed an earth elemental
    69 | Abyss:4  | Noticed a water elemental
    69 | Abyss:4  | Noticed a water elemental
    75 | D:1      | Escaped the Abyss
   238 | D:1      | Reached * piety under Lugonu
   465 | D:1      | Reached XP level 2. HP: 29/29 MP: 5/5
  1010 | D:1      | Reached XP level 3. HP: 35/35 MP: 6/6
  1216 | D:2      | Found a sparkling altar of Nemelex Xobeh.
  1672 | D:2      | Found a white marble altar of Elyvilon.
  1822 | D:3      | Found an ornate altar of the Wu Jian Council.
  1861 | D:3      | Reached skill level 1 in Short Blades
  1861 | D:3      | Reached skill level 1 in Long Blades
  1861 | D:3      | Reached skill level 1 in Maces & Flails
  1861 | D:3      | Reached skill level 1 in Polearms
  1861 | D:3      | Reached skill level 1 in Staves
  1861 | D:3      | Reached skill level 1 in Slings
  1861 | D:3      | Reached skill level 1 in Bows
  1861 | D:3      | Reached skill level 1 in Crossbows
  1861 | D:3      | Reached skill level 1 in Throwing
  1861 | D:3      | Reached skill level 1 in Stealth
  1861 | D:3      | Reached skill level 1 in Shields
  1861 | D:3      | Reached skill level 1 in Unarmed Combat
  1861 | D:3      | Reached skill level 1 in Spellcasting
  1861 | D:3      | Reached skill level 1 in Evocations
  1906 | D:3      | Reached XP level 4. HP: 38/41 MP: 7/7
  2134 | D:3      | Reached skill level 1 in Conjurations
  2134 | D:3      | Reached skill level 1 in Hexes
  2134 | D:3      | Reached skill level 1 in Summonings
  2134 | D:3      | Reached skill level 1 in Necromancy
  2134 | D:3      | Reached skill level 1 in Translocations
  2134 | D:3      | Reached skill level 1 in Transmutations
  2134 | D:3      | Reached skill level 1 in Fire Magic
  2134 | D:3      | Reached skill level 1 in Ice Magic
  2134 | D:3      | Reached skill level 1 in Air Magic
  2134 | D:3      | Reached skill level 1 in Earth Magic
  2134 | D:3      | Reached skill level 1 in Poison Magic
  2137 | D:3      | Reached ** piety under Lugonu
  2137 | D:3      | Reached XP level 5. HP: 47/47 MP: 8/8
  2511 | D:4      | HP: 1/70 [bullfrog (4)]
  2511 | D:4      | Slain by a bullfrog

Illustrated notes

Levels and vault maps discovered:
D:1:      elethiomel_arrival_maze, layout_basic
D:2:      layout_basic, nemelex_xobeh_ov_fountains_minmay, lemuel_crystal_altar
D:3:      layout_basic, overflow_temple_1_default, demons_altar,
          solitary_fountain
D:4:      layout_cave_pools, nicolae_ru_path_of_blood, kennysheep_little_box,
          nrook_uturn

Skill      XL: |  1  2  3  4  5 |
---------------+----------------+-----
Short Blades   | 1 |  1.5
Long Blades    | 1 |  1.5
Maces & Flails | 1 |  1.5
Polearms       | 1 |  1.5
Staves         | 1 |  1.5
Slings         | 1 |  1.5
Bows           | 1 |  1.5
Crossbows      | 1 |  1.5
Throwing       | 1 |  1.5
Stealth        | 1 |  1.5
Shields        | 1 |  1.5
Unarmed Combat | 1 |  1.5
Spellcasting   | 1 |  1.5
Evocations     | 1 |  1.5
Conjurations   | 1 |  1.2
Hexes          | 1 |  1.2
Summonings     | 1 |  1.2
Necromancy     | 1 |  1.2
Translocations | 1 |  1.2
Transmutations | 1 |  1.2
Fire Magic     | 1 |  1.2
Ice Magic      | 1 |  1.2
Air Magic      | 1 |  1.2
Earth Magic    | 1 |  1.2
Poison Magic   | 1 |  1.2
Dodging        | 3 |  3.0
Fighting       | |  6.7
Axes           | |  4.8
Armour         | |  4.8
Invocations    | |  4.9

Action                   |  1- 3 |  4- 6 || total
-------------------------+-------+-------++-------
Melee: Hand axe          |    85 |    82 ||   167
       Bite              |     8 |     8 ||    16
       Punch             |       |     3 ||     3
Invok: Depart the Abyss  |     1 |       ||     1
  Use: Potion            |       |     1 ||     1
 Stab: Sleeping          |     1 |       ||     1
Armor: Leather armour    |    16 |       ||    16
       Ring mail         |    23 |    15 ||    38
Dodge: Dodged            |    76 |    47 ||   123

Table legend: (Time is in decaauts)
 A = Elapsed time spent in this place.
 B = Non-inter-level travel time spent in this place.
 C = Inter-level travel time spent in this place.
 D = Time resting spent in this place.
 E = Time spent auto-exploring this place.
 F = Levels seen in this place.
 G = Mean time per level.
                   A        B        C        D        E       F      G
               +--------+--------+--------+--------+--------+-----+--------+
         Total |   2520 |   2464 |     56 |      6 |   1879 |   8 |  315.0 |
       Dungeon |   2446 |   2390 |     56 |      6 |   1833 |   4 |  611.5 |
         Abyss |     74 |     74 |      0 |      0 |     46 |   4 |   18.5 |
               +--------+--------+--------+--------+--------+-----+--------+

Top non-repeatable levels by time:
     D:1: 1143 daAuts
     D:3: 696 daAuts
     D:2: 588 daAuts
 Abyss:1: 52 daAuts
     D:4: 18 daAuts
 Abyss:2: 8 daAuts
 Abyss:3: 7 daAuts
 Abyss:4: 5 daAuts
